 Dungeon Crawl Stone Soup version 0.14-a0-1773-ge500af7 (webtiles) character file.

237 Ololoev the Digger (level 5, -4/28 HPs)
             Began as a Gargoyle Earth Elementalist on Jan 6, 2014.
             Slain by an orc priest
             ... wielding a +0,+2 orcish falchion of flaming
              (5 damage)
             ... on Level 3 of the Dungeon.
             The game lasted 00:11:49 (2278 turns).

Ololoev the Digger (Gargoyle Earth Elementalist)    Turns: 2278, Time: 00:11:49

HP  -4/28        AC 10     Str 15      XL: 5   Next:  4%
MP   5/13        EV 11     Int 16      God:
Gold 117         SH  0     Dex 10      Spells:  2 memorised,  8 levels left

rFire  . . .     SeeInvis .     b - 95 stones
rCold  . . .     Clarity  .     u - +0 orc leather armour
rNeg   + . .     Conserve .     (no shield)
rPois  +         rCorr    .     (no helmet)
rElec  +         rRot     +     (no cloak)
SustAb . .       Spirit   .     (no gloves)
rMut   .         Warding  .     r - +2 pair of boots
Saprov . . .     Stasis   .     (no amulet)
                                (no ring)
                                n - +3 ring of strength

@: very slightly contaminated, slightly resistant to hostile enchantments,
unstealthy
A: life protection 1, electricity resistance, unbreathing, petrification
resistance, AC +4
a: no special abilities


You were on level 3 of the Dungeon.
You were not hungry.

You visited 1 branch of the dungeon, and saw 3 of its levels.

You collected 117 gold pieces.

Inventory:

Hand weapons
 g - a +2,+1 short sword
Missiles
 b - 95 stones (in hand)
Armour
 r - a +2 pair of boots (worn)
 u - a +0 orcish leather armour (worn)
Comestibles
 a - a bread ration
 t - an apple
Scrolls
 c - a scroll of teleportation {unknown}
 e - a scroll of noise {unknown}
 f - 4 scrolls of remove curse {unknown}
 h - 2 scrolls of enchant weapon II {unknown}
 o - 3 scrolls of identify {unknown}
 p - a scroll of enchant weapon I {unknown}
 q - a scroll of curse weapon {unknown}
Jewellery
 n - a +3 ring of strength (left hand)
Potions
 i - a potion of speed {unknown}
 j - a potion of beneficial mutation {unknown}
 k - 3 potions of lignification {unknown}
 l - a potion of flight {unknown}
 m - a potion of might {unknown}
 s - a potion of mutation {unknown}
 v - a potion of poison {unknown}
Books
 d - a book of Geomancy

   Spells                             Type                      Level
   *Sandblast                         Earth                        1
   Stoneskin                          Transmutation/Earth          2
   Passwall                           Transmutation/Earth          3
   *Stone Arrow                       Conjuration/Earth            3
   Petrify                            Transmutation/Earth          4
   Lee's Rapid Deconstruction         Earth                        5


   Skills:
 - Level 1.5 Dodging
 - Level 2.1 Stealth
 - Level 4.0 Spellcasting
   Level 0.7 Transmutations
 + Level 4.8 Earth Magic


You had 8 spell levels left.
You knew the following spells:

 Your Spells              Type           Power        Failure   Level  Hunger
a - Sandblast             Erth           ###...       2%          1    None
b - Stone Arrow           Conj/Erth      ##....       21%         3    ###....


Dungeon Overview and Level Annotations

Branches:
Dungeon (3/16)

Altars:
Ashenzari
Sif Muna
Zin

Annotations:
D:2 Sigmund


Innate Abilities, Weirdness & Mutations

You are resistant to torment.
You are immune to poison.
Your stone body is very resilient (AC +4).
You resist negative energy.
You are resistant to electric shocks.
You can survive without breathing.
You are immune to petrification.


Message History

The orc priest burns you.
Casting: Sandblast
Confirm with . or Enter, or press ? or * to list all spells.
Aiming: Sandblast
Press: ? - help, Shift-Dir - straight line, f/p - orc priest
Aim: an orc priest, wielding an orcish falchion of flaming and wearing an orcish chain mail (heavily wounded)
The rocky blast hits the orc priest.
The orc priest is heavily wounded.
The orc priest misses you.
Casting: Sandblast
Confirm with . or Enter, or press ? or * to list all spells.
Aiming: Sandblast
Press: ? - help, Shift-Dir - straight line, f/p - orc priest
Aim: an orc priest, wielding an orcish falchion of flaming and wearing an orcish chain mail (heavily wounded)
The rocky blast hits the orc priest.
The orc priest is heavily wounded.
The orc priest hits you with an orcish falchion of flaming!
* * * LOW HITPOINT WARNING * * *
The orc priest burns you.
You die...

#....###...# #...#
#.#..# ##%.# #...#
#.#..# ##..# #(..#####
#....###...####.%>.....
............<.........
..###..................
... ##...##.....<......
..?. ##.!######....###.
.. #@%.# #........
#.o..# #...#####
......# #...# #.......#
##.## ##....... #.#
##..##..# ... #.. #..#
.#.# ... ... ...# . #
..


You could see an orc priest.

Vanquished Creatures
  2 adders (D:2)
  4 gnolls (D:2)
  2 oozes
  4 orcs (D:3)
  4 giant cockroaches
  4 hobgoblins
  4 jackals (D:3)
  8 kobolds
  8 bats
  3 giant geckos
  A giant newt (D:1)
  6 goblins
  3 rats
53 creatures vanquished.

Notes
Turn   | Place    | Note
--------------------------------------------------------------
     0 | D:1      | Ololoev, the Gargoyle Earth Elementalist, began the quest for the Orb.
     0 | D:1      | Reached XP level 1. HP: 10/10 MP: 3/3
   136 | D:1      | Reached skill level 4 in Earth Magic
   207 | D:1      | Reached XP level 2. HP: 15/15 MP: 1/4
   858 | D:2      | Reached XP level 3. HP: 19/19 MP: 0/6
  1096 | D:2      | Reached XP level 4. HP: 12/24 MP: 6/9
  1431 | D:2      | Found a deep blue altar of Sif Muna.
  1431 | D:2      | Found a glowing silver altar of Zin.
  1432 | D:2      | Found a shattered altar of Ashenzari.
  1567 | D:2      | Noticed Sigmund
  1636 | D:1      | Learned a level 3 spell: Stone Arrow
  2159 | D:3      | Reached XP level 5. HP: 25/28 MP: 9/13
  2278 | D:3      | HP: 1/28 [orc priest/orcish falchion of flaming (10)]
  2278 | D:3      | Slain by an orc priest

Action                   |  1- 3 |  4- 6 || total
-------------------------+-------+-------++-------
Melee: Short sword       |    36 |    37 ||    73
 Cast: Sandblast         |    50 |    46 ||    96
       Stone Arrow       |       |     1 ||     1
 Stab: Sleeping          |       |     1 ||     1
